 Dungeon Crawl Stone Soup version 0.27-a0-1324-ge0d8e047f6 (webtiles) character file.

Game seed: 7461587429812095153

91 HAL9000 the Sneak (level 4, -1/23 HPs)
             Began as a Vine Stalker Brigand on June 23, 2021.
             Succumbed to a kobold's poison
             ... on level 2 of the Dungeon.
             The game lasted 00:01:18 (1805 turns).

HAL9000 the Sneak (Vine Stalker Brigand)            Turns: 1805, Time: 00:01:19

Health: -1/23      AC:  3    Str: 14    XL:     4   Next: 59%
Magic:  1/5        EV: 11    Int: 11    God:
Gold:   103        SH:  0    Dex: 16    Spells: 3/3 levels left

rFire    . . .     SeeInvis .   k - +2 lajatang (vamp)
rCold    . . .     Faith    .   (shield currently unavailable)
rNeg     . . .     Spirit   +   b - +0 robe
rPois    .         Reflect  .   (no helmet)
rElec    .         Harm     .   c - +0 cloak
rCorr    .         Rampage  .   (no gloves)
Will     .....                  (no boots)
Stlth    +++.......             (no amulet)
HPRegen  1.07/turn              (no ring)
MPRegen  0.09/turn              (no ring)

@: lethally poisoned (-1 -> -17)
A: fangs 2, regeneration 1, magic shield, antimagic bite, no potion heal 2
a: no special abilities


You were on level 2 of the Dungeon.
You visited 1 branch of the dungeon, and saw 2 of its levels.

You collected 103 gold pieces.

Inventory:

Hand Weapons
 a - a +2 dagger
 k - a +2 vampiric lajatang (weapon)
Missiles
 d - 8 poisoned darts (quivered)
 e - 2 curare-tipped darts
 m - 4 atropa-tipped darts
Armour
 b - a +0 robe (worn)
 c - a +0 cloak (worn)
Scrolls
 h - a scroll of vulnerability {unknown}
 i - 3 scrolls of identify {unknown}
 j - a scroll of torment {unknown}
Potions
 f - 3 potions of ambrosia {unknown}
 g - a potion of attraction {unknown}
 l - a potion of degeneration {unknown}


   Skills:
 - Level 1.7 Fighting
 + Level 4.2 Short Blades
 - Level 1.7 Throwing
 - Level 0.7 Dodging
 - Level 4.8 Stealth


You had 3 spell levels left.
You didn't know any spells.
Your spell library was empty.

Dungeon Overview and Level Annotations

Branches:
Dungeon (2/15)

Altars:


Innate Abilities, Weirdness & Mutations

You have extremely sharp teeth.
Your natural rate of healing is unusually fast.
When hurt, damage is shared between your health and your magic reserves.
Your bite disrupts and absorbs the magic of your enemies.
Potions cannot restore your health.


Message History

You kill the goblin!
Found a stone staircase leading up.
There is a stone staircase leading up here.
You open the door.
There is an open door here.
m - 4 atropa-tipped darts You open the door. 5 kobolds come into view.
A kobold is wielding a +2 dagger of venom.
Found a thick glowing staff and a hunting sling.
Found 19 stones and 16 gold pieces.
There is an open door here.
The kobold shouts! x4
The kobold throws a stone.
The stone hits you.
You barely miss the kobold. The kobold hits you with a +0 whip. x2
The kobold misses you.
You slice the kobold!!
You feel better.
You kill the kobold!
The kobold throws a stone.
The stone barely misses you.
The kobold barely misses you. x2; The kobold closely misses you.
The kobold barely misses you.
You hit the kobold but do no damage.
The kobold hits you with a +2 dagger of venom.
You are poisoned.
The kobold hits you with a +0 whip. The kobold closely misses you. x2
You hit the kobold but do no damage. You bite the kobold, but do no damage.
You feel very sick. The kobold barely misses you. The kobold misses you.
The kobold hits you with a +0 short sword.
The kobold barely misses you.
The kobold hits you with a +2 dagger of venom.
You are more poisoned.
The kobold hits you with a +0 whip. The kobold barely misses you. x2
* * * LOW HITPOINT WARNING * * *
You feel very sick.
The kobold hits you with a +2 dagger of venom.
* * * LOW HITPOINT WARNING * * *
You are more poisoned.
There is an open door here.
You die...

..........####.#
...........).#######
............##..)..##
....#######.#.......#
....# #.#.......#
....# #.#..)K...#
.#.## #.##$KKK(# .#.#
#..###'### ##.#
##..#.@.# #.#
##.#...# #.# #.##'##
#.# #....# #.# ######
#.# #.# ##.# ...#


You could see 4 kobolds.

Vanquished Creatures
  2 orc wizards (D:2)
  A worm (D:2)
  A dart slug (D:2)
  2 orcs (D:2)
  4 ball pythons
  4 endoplasms
  A giant cockroach (D:1)
  3 goblins
  4 hobgoblins
  4 kobolds
  A quokka (D:2)
  2 bats (D:1)
  A frilled lizard (D:1)
  4 rats
34 creatures vanquished.

Notes
Turn   | Place    | Note
-------+----------+-------------------------------------------
     0 | D:1      | HAL9000 the Vine Stalker Brigand began the quest for the
                  | Orb.
     0 | D:1      | Reached XP level 1. HP: 11/11 MP: 2/2
   108 | D:1      | Reached XP level 2. HP: 15/15 MP: 3/3
   771 | D:1      | Found a faded altar of an unknown god.
   970 | D:2      | Reached XP level 3. HP: 18/18 MP: 4/4
  1499 | D:2      | Gained mutation: Your natural rate of healing is unusually
                  | fast. [Vine Stalker growth]
  1499 | D:2      | Reached XP level 4. HP: 12/23 MP: 2/5
  1805 | D:2      | Succumbed to a kobold's poison

Illustrated notes

Levels and vault maps discovered:
D:1:      dpeg_arrival_round_a, layout_loops_ring,
          shapermc_ecumenical_altar_mp_ritualfount, minmay_misc_feat_iff
D:2:      minmay_door_path, layout_basic, minmay_goblin_kobold_house

Skill      XL: |  1  2  3  4 |
---------------+-------------+-----
Short Blades   | 2 3 4 |  4.2
Fighting       | |  1.7
Throwing       | |  1.7
Dodging        | |  0.7
Stealth        | |  4.8

Action                   |  1- 3 |  4- 6 || total
-------------------------+-------+-------++-------
Melee: Dagger            |    65 |    15 ||    80
       Bite              |    11 |     8 ||    19
       Lajatang          |       |    10 ||    10
Throw: Dart              |     3 |     3 ||     6
 Stab: Sleeping          |     9 |       ||     9
       Distracted        |     1 |       ||     1
Armor: Robe              |    14 |     3 ||    17
Dodge: Dodged            |    20 |    22 ||    42

Table legend: (Time is in decaauts)
 A = Elapsed time spent in this place.
 B = Non-inter-level travel time spent in this place.
 C = Inter-level travel time spent in this place.
 D = Time resting spent in this place.
 E = Time spent auto-exploring this place.
 F = Levels seen in this place.
 G = Mean time per level.
                   A        B        C        D        E       F      G
               +--------+--------+--------+--------+--------+-----+--------+
         Total |   1795 |   1746 |     49 |      0 |   1509 |   2 |  897.5 |
       Dungeon |   1795 |   1746 |     49 |      0 |   1509 |   2 |  897.5 |
               +--------+--------+--------+--------+--------+-----+--------+

Top non-repeatable levels by time:
     D:1: 907 daAuts
     D:2: 887 daAuts
